 Dungeon Crawl Stone Soup version 0.27-a0-242-ge0fc76b88b (webtiles) character file.

Game seed: 12460701240489287760

7 mortress the Sneak (level 1, -4/7 HPs)
             Began as a Felid Enchanter on Feb 2, 2021.
             Slain by a goblin
             ... wielding a +2 dagger of electrocution
              (9 damage)
             ... on level 1 of the Dungeon.
             The game lasted 00:05:17 (543 turns).

mortress the Sneak (Felid Enchanter)                 Turns: 543, Time: 00:05:17

Health: -4/7       AC:  1    Str:  4    XL:     1   Next: 83%
Magic:  4/4        EV: 18    Int: 16    God:
Gold:   6          SH:  0    Dex: 16    Spells: 3/4 levels left
                                        Lives:  0   Deaths: 0

rFire    . . .     SeeInvis +     - Unarmed
rCold    . . .     Faith    .   (shield unavailable)
rNeg     . . .     Spirit   .   (armour unavailable)
rPois    .         Reflect  .   (helmet unavailable)
rElec    .         Harm     .   (cloak unavailable)
rCorr    .         Rampage  .   (gloves unavailable)
Will     .....                  (boots unavailable)
Stlth    +++.......             (no amulet)
HPRegen  0.02/turn              (no ring)
MPRegen  0.09/turn              (no ring)

@: quick
A: very small, no armour, no weapons or thrown items, stealth, claws 1, fangs 3,
see invisible, speed 1, shaggy fur 1, sharp paws
a: no special abilities


You were on level 1 of the Dungeon.
You visited 1 branch of the dungeon, and saw 1 of its levels.

You collected 6 gold pieces.

Inventory:

Scrolls
 a - a scroll of magic mapping {unknown}
 b - a scroll of identify {unknown}


   Skills:
 - Level 2.6 Dodging
 * Level 4.5 Stealth
 + Level 1.3 Unarmed Combat
 - Level 2.0 Spellcasting
 - Level 4.4 Hexes


You had 3 spell levels left.
You knew the following spells:

 Your Spells              Type           Power        Failure   Level
a - Corona                Hex            16%          3%          1

Your spell library contained the following spells:

 Spells                   Type           Power        Failure   Level
 Confusing Touch          Hex            15%          11%         3
 Tukima's Dance           Hex            15%          11%         3
 Ensorcelled Hibernation  Hex/Ice        16%          13%         2
 Dazzling Flash           Conj/Hex       16%          26%         3


Dungeon Overview and Level Annotations

Branches:
Dungeon (1/15)

Altars:

Annotations:
D:1 exclusion: door


Innate Abilities, Weirdness & Mutations

You cannot wear armour.
You are incapable of wielding weapons or throwing items.
Your paws allow you to move quietly. (Stealth)
You have sharp claws.
You have razor-sharp teeth.
You have supernaturally acute eyesight. (SInv)
You cover ground quickly.
You are covered in fur. (AC +1)
Your sharp claws are effective at attacking unaware monsters.


Message History

You pounce on the unaware helpless rat!
You mangle the rat!!
You kill the rat!
You now have 6 gold pieces.
You open the door.
There is an open door here.
Found a stone staircase leading down.
A rat and a hobgoblin come into view.
Found 3 scrolls labelled HOAQUE GAIPLI.
You pounce on the unaware helpless goblin!
You claw the goblin!
You kill the goblin!
A goblin comes into view.
It is wielding a +2 dagger of electrocution.
You see here a goblin corpse.
A rat comes into view.
The goblin shouts!
The goblin hits you with a +2 dagger of electrocution.
The goblin hits you with a +2 dagger of electrocution.
You are electrocuted!
Ouch! That really hurt!
You die...

#...........#
#...........###########
#...........#........[#
#..[..................#
#####.................#
######.................#
....................>..'
############.##.###.........#
........####@##.###.........#
...........g.##..###'#...####
..........r..###.....#...#
#...........# #..#####.##
#...........# ##.## ...
#...........# #..# #..##
#..........## #..###..#
#..........# #...##..#
#...####.### #.#.##..#


You could see a goblin and a rat.

Vanquished Creatures
  A leopard gecko (D:1)
  A goblin (D:1)
  2 bats (D:1)
  A frilled lizard (D:1)
  A rat (D:1)
6 creatures vanquished.

Notes
Turn   | Place    | Note
-------+----------+-------------------------------------------
     0 | D:1      | mortress the Felid Enchanter began the quest for the Orb.
     0 | D:1      | Reached XP level 1. HP: 7/7 MP: 4/4
   543 | D:1      | Slain by a goblin

Illustrated notes

Levels and vault maps discovered:
D:1:      nzn_arrival_depleted_hourglass, layout_basic

Action                   || total
-------------------------++-------
Melee: Unarmed           ||    18
 Cast: Corona            ||     1
 Stab: Sleeping          ||     2
Dodge: Dodged            ||    18

Table legend: (Time is in decaauts)
 A = Elapsed time spent in this place.
 B = Non-inter-level travel time spent in this place.
 C = Inter-level travel time spent in this place.
 D = Time resting spent in this place.
 E = Time spent auto-exploring this place.
 F = Levels seen in this place.
 G = Mean time per level.
                   A        B        C        D        E       F      G
               +--------+--------+--------+--------+--------+-----+--------+
         Total |    496 |    496 |      0 |    279 |    113 |   1 |  496.0 |
       Dungeon |    496 |    496 |      0 |    279 |    113 |   1 |  496.0 |
               +--------+--------+--------+--------+--------+-----+--------+

Top non-repeatable levels by time:
     D:1: 496 daAuts
